 Dungeon Crawl Stone Soup version 0.30.1-11-g7821555f0a (webtiles) character file.

Game seed: 2416679939974229851

22181 Peloso the Carver (level 12, -1/110 HPs)
             Began as a Minotaur Fighter on Jan 7, 2024.
             Was a High Priest of Okawaru.
             Slain by a death yak (8 damage)
             ... on level 2 of the Lair of Beasts.
             The game lasted 00:21:34 (13387 turns).

Peloso the Carver (Minotaur Fighter)               Turns: 13387, Time: 00:21:35

Health: -1/110     AC: 16    Str: 20    XL:     12   Next: 60%
Magic:  11/12      EV: 15    Int:  4    God:    Okawaru [*****.]
Gold:   689        SH:  9    Dex: 23    Spells: 11/11 levels left

rFire   . . .        b - +3 scimitar
rCold   . . .        d - +0 buckler
rNeg    . . .        K - +0 chain mail
rPois   +            (helmet restricted)
rElec   .            (no cloak)
rCorr   .            j - +0 pair of gloves
SInv    .            (no boots)
Will    .....        (no amulet)
Stlth   ++++         (no ring)
HPRegen 0.38/turn    (no ring)
MPRegen 0.13/turn

%: no passive effects
@: heroic
A: horns 2, retaliatory headbutt, thin skeletal structure 2, agile 1, poison
resistance, wild magic 1
a: Renounce Religion, Heroism, Finesse, Duel


You were on level 2 of the Lair of Beasts.
You worshipped Okawaru.
Okawaru was extremely pleased with you.
You visited 3 branches of the dungeon, and saw 14 of its levels.

You collected 689 gold pieces.

Inventory:

Hand Weapons
 a - a +4 long sword
 b - a +3 scimitar (weapon)
 c - a +1 dagger of flaming
Armour
 d - a +0 buckler (worn)
 j - a +0 pair of gloves (worn)
 K - a +0 chain mail (worn)
Jewellery
 k - a ring of wizardry
 l - a ring of wizardry
Wands
 q - a wand of paralysis (14)
 u - a wand of flame (40)
 B - a wand of light (2)
 E - a wand of digging (2)
 H - a wand of polymorph (14)
 N - a wand of mindburst (5)
Scrolls
 i - 3 scrolls of immolation {unknown}
 m - 12 scrolls of teleportation
 o - a scroll of amnesia
 p - a scroll of fog
 t - 3 scrolls of noise {unknown}
 w - 2 scrolls of poison {unknown}
 y - 2 scrolls of enchant armour {unknown}
 C - 3 scrolls of fear {unknown}
 G - a scroll of enchant weapon
 J - 7 scrolls of identify
 L - 2 scrolls of magic mapping {unknown}
 M - a scroll of torment {unknown}
Potions
 e - 3 potions of flight
 f - 2 potions of lignification
 g - a potion of might
 h - 2 potions of attraction
 n - a potion of haste {unknown}
 r - 2 potions of brilliance
 s - 2 potions of curing
 v - a potion of resistance {unknown}
 x - 2 potions of magic {unknown}
 z - 3 potions of degeneration {unknown}
 A - 2 potions of heal wounds {unknown}
 D - a potion of cancellation {unknown}
 F - a potion of berserk rage {unknown}
 I - 2 potions of ambrosia {unknown}


   Skills:
 + Level 11.5(16.5) Fighting
 + Level 14.6(19.6) Long Blades
 + Level 12.5(17.5) Armour
 + Level 5.2(10.2) Dodging
 + Level 3.6(8.6) Stealth
 + Level 11.0(16.0) Shields
 + Level 2.2 Invocations
 + Level 0.7 Evocations


You had 11 spell levels left.
You didn't know any spells.
Your spell library contained the following spells:

 Spells                   Type           Power      Damage    Failure   Level
 Necrotise                Necr           0%         1d4       96%         1
 Vampiric Draining        Necr           0%         2d6       100%        3
 Agony                    Necr           0%         N/A       100%        5
 Iskenderun's Battlesphe  Conj           0%         2d6       100%        5
 Iron Shot                Conj/Erth      0%         9d1       100%        6
 Spellforged Servitor     Conj/Summ      Unusable   N/A       N/A         7

Dungeon Overview and Level Annotations

Branches:
Dungeon (10/15)            Temple (1/1) D:6            Lair (3/5) D:10
 Spider (0/4) Lair:2          Orc (0/2) D:9
  Swamp: Lair:2-3    Shoals: Lair:2-3

Altars:
Ashenzari
Cheibriados
Dithmenos
Elyvilon
Fedhas
Gozag
Hepliaklqana
Kikubaaqudgha
Makhleb
Nemelex Xobeh
Okawaru
Qazlal
Ru
Sif Muna
Vehumet
Wu Jian
Xom
Yredelemnul
Zin
The Shining One

Shops:
D:4 [

Annotations:
D:8 Dig


Innate Abilities, Weirdness & Mutations

You have a pair of horns on your head.
You reflexively headbutt those who attack you in melee.
You have a moderately thin skeletal structure. (Dex +4, Stealth++)
You are agile. (Dex +4, Str/Int -1)
Your system is resistant to poisons. (rPois)
Your spells are a little harder to cast, but a little more powerful.


Message History

You gain the combat prowess of a mighty hero.
The death yak barely misses you.
You slash the death yak!
You headbutt the death yak, but do no damage.
The death yak is lightly wounded.
You slash the death yak!
You headbutt the death yak, but do no damage.
The death yak is moderately wounded.
You block the death yak's attack.
You slice the death yak!!
The death yak is severely wounded.
The death yak gores you.
You slice the death yak!!
You kill the death yak!
Okawaru is honoured by your kill.
Your base Shields skill increases to level 11!
The death yak gores you!
* * * LOW HITPOINT WARNING * * *
The death yak misses you. You furiously retaliate!
You headbutt the death yak, but do no damage.
You hit the death yak but do no damage. Your headbutt misses the death yak.
The death yak gores you!!
* * * LOW HITPOINT WARNING * * *
The death yak gores you but does no damage.
You feel better. You block the death yak's attack.
You hit the death yak. You headbutt the death yak!
The death yak is lightly wounded.
The death yak gores you.
* * * LOW HITPOINT WARNING * * *
You hit the death yak. You headbutt the death yak!
The death yak is moderately wounded.
The death yak misses you. You furiously retaliate!
You headbutt the death yak! You slash the death yak!
The death yak is severely wounded.
You slash the death yak!
The death yak is severely wounded.
The death yak gores you!
* * * LOW HITPOINT WARNING * * *
You feel better. The death yak gores you!
You die...

##...#####...#.#P....#
#...## ##...###..P##
....#######....##..##
...##....###...###.#
...................#
....⌠..>..⌠.....⌠..#
................Y+.#
...#.....###...#Y########
.....#######...#@###....#
.....## ##...###.#....##
##....####...#####.....##
#.#....⌠.....#.#.#......#
####.......##.###.......##
#.#..<.####............#
#######.##
#P.#.........#### ..# ###
##..............# ..#
##.#...........###


You could see 2 death yaks.

Vanquished Creatures
  7 death yaks
  A two-headed ogre (D:10)
  An ugly thing (D:9)
  19 elephants
  A black mamba (Lair:2)
  3 cane toads
  Maggie (D:6)
  2 komodo dragons
  2 polar bears
  Grinder (D:3)
  Eustachio (D:6)
  A vampire (D:9)
  9 yaks
  6 steam dragons
  Duvessa (D:4)
  9 water moccasins
  2 black bears
  2 sky beasts (D:6)
  3 orc warriors
  2 ice beasts
  3 ogres
  A centaur (D:9)
  3 phantoms
  A gnoll sergeant (D:9)
  2 kobold brigands
  3 bullfrogs
  4 scorpions
  15 wights
  Dowan (D:4)
  12 killer bees
  7 howler monkeys
  7 orc priests
  5 hounds
  8 iguanas
  A jelly (D:6)
  A sleepcap (D:4)
  9 orc wizards
  Robin (D:3)
  6 adders
  15 gnolls
  A white imp (D:5)
  A howler monkey simulacrum (D:10)
  3 ufetubi
  3 dart slugs
  28 orcs
  7 endoplasms
  5 giant cockroaches
  3 hobgoblins
  4 jackals (D:3)
  16 kobolds
  A quokka (D:3)
  4 ball pythons
  3 bats (D:1)
  3 frilled lizards
  15 goblins
  8 rats
284 creatures vanquished.

Notes
Turn   | Place    | Note
-------+----------+-------------------------------------------
     0 | D:1      | Peloso the Minotaur Fighter began the quest for the Orb.
     0 | D:1      | Reached XP level 1. HP: 19/19 MP: 0/0
   328 | D:1      | Reached XP level 2. HP: 27/27 MP: 1/1
   465 | D:1      | Found a faded altar of an unknown god.
   489 | D:1      | Gained mutation: Your system is resistant to poisons.
                  | (rPois) [potion of mutation]
   489 | D:1      | Gained mutation: Your spells are a little harder to cast,
                  | but a little more powerful. [potion of mutation]
   489 | D:1      | Gained mutation: You have hidden genetic potential. [potion
                  | of mutation]
   489 | D:1      | Gained mutation: You are agile. (Dex +4, Str/Int -1)
                  | [potion of mutation]
   977 | D:2      | Reached XP level 3. HP: 20/33 MP: 2/2
  1128 | D:2      | Gained mutation: You have a somewhat thin skeletal
                  | structure. (Dex +2, Stealth+) [hidden potential]
  1130 | D:2      | Noticed an ogre
  1140 | D:2      | Killed an ogre
  1141 | D:2      | Reached skill level 3 in Long Blades
  1141 | D:2      | Reached skill level 1 in Dodging
  1141 | D:2      | Reached XP level 4. HP: 39/40 MP: 3/3
  1162 | D:2      | Gained mutation: You have a moderately thin skeletal
                  | structure. (Dex +4, Stealth++) [hidden potential]
  1162 | D:2      | Lost mutation: You have hidden genetic potential. [hidden
                  | potential expressed]
  1404 | D:2      | Reached skill level 4 in Long Blades
  1487 | D:3      | Noticed Robin
  1500 | D:3      | Killed Robin
  1501 | D:3      | Reached XP level 5. HP: 33/47 MP: 4/4
  1591 | D:3      | Noticed Grinder
  1607 | D:3      | Killed Grinder
  1608 | D:3      | Reached skill level 5 in Long Blades
  1608 | D:3      | Reached skill level 5 in Armour
  1608 | D:3      | Reached XP level 6. HP: 17/53 MP: 5/5
  2241 | D:3      | Reached skill level 5 in Shields
  2358 | D:3      | Reached XP level 7. HP: 60/60 MP: 6/6
  2727 | D:4      | Reached skill level 6 in Long Blades
  2731 | D:4      | Reached skill level 5 in Fighting
  3374 | D:4      | Noticed Dowan
  3376 | D:4      | Noticed Duvessa
  3396 | D:4      | Killed Duvessa
  3397 | D:4      | Reached skill level 7 in Long Blades
  3397 | D:4      | Reached skill level 1 in Stealth
  3397 | D:4      | Killed Dowan
  3398 | D:4      | Reached XP level 8. HP: 60/68 MP: 7/7
  3430 | D:4      | Found Asauvuikh's Armour Shoppe.
  3547 | D:5      | Entered Level 5 of the Dungeon
  3813 | D:5      | Reached skill level 8 in Long Blades
  4402 | D:6      | Found a staircase to the Ecumenical Temple.
  4428 | Temple   | Entered the Ecumenical Temple
  4456 | D:6      | Noticed Maggie
  4468 | D:6      | Killed Maggie
  4469 | D:6      | Reached skill level 9 in Long Blades
  4469 | D:6      | Reached XP level 9. HP: 46/78 MP: 8/8
  4686 | D:6      | Noticed Eustachio
  4746 | D:6      | Killed Eustachio
  5440 | D:6      | Found a hazy altar of Hepliaklqana.
  5701 | D:7      | Identified the +12 falchion "Fouvehu" {drain, Dex+2}
  5784 | D:7      | Reached skill level 10 in Long Blades
  5841 | D:7      | Found a broken altar of Ashenzari.
  5843 | D:7      | Found a burning altar of Makhleb.
  6745 | D:8      | Reached XP level 10. HP: 80/84 MP: 9/9
  6918 | D:8      | Identified the +0 quarterstaff "Jilepy" {drain, *Rage
                  | *Noise Dex+5 SInv}
  7160 | D:8      | Found a white marble altar of Elyvilon.
  7608 | D:9      | Noticed a purple ugly thing
  7620 | D:9      | Killed a purple ugly thing
  7622 | D:9      | Found a staircase to the Orcish Mines.
  7659 | D:9      | Found an iron altar of Okawaru.
  7776 | D:9      | Became a worshipper of Warmaster Okawaru
  8008 | D:9      | Reached skill level 10 in Armour
  8022 | D:9      | Reached skill level 11 in Long Blades
  8224 | D:9      | Reached * piety under Okawaru
  9001 | D:10     | Entered Level 10 of the Dungeon
  9032 | D:10     | Noticed a two-headed ogre
  9246 | D:10     | Noticed a death yak
  9246 | D:10     | Noticed a death yak
  9263 | D:10     | Noticed a death yak
  9264 | D:10     | Found a staircase to the Lair.
  9264 | D:10     | Noticed a death yak
  9280 | D:10     | Killed a death yak
  9280 | D:10     | Reached ** piety under Okawaru
  9281 | D:10     | Reached skill level 12 in Long Blades
  9281 | D:10     | Reached XP level 11. HP: 53/95 MP: 7/10
  9288 | D:10     | HP: 4/95 [death yak (9)]
  9295 | D:10     | HP: 4/95 [orc/boomerang (2)]
  9852 | D:9      | Killed a death yak
  9879 | D:9      | Killed a death yak
 10079 | D:9      | Killed a death yak
 10152 | D:10     | Killed a two-headed ogre
 10205 | D:10     | Reached skill level 1 in Invocations
 10294 | D:10     | Noticed an ice dragon
 10388 | Lair:1   | Entered Level 1 of the Lair of Beasts
 10562 | Lair:1   | Reached *** piety under Okawaru
 10563 | Lair:1   | Reached skill level 13 in Long Blades
 11252 | Lair:1   | Reached skill level 10 in Fighting
 11258 | Lair:1   | Reached skill level 10 in Shields
 11330 | Lair:1   | Found the +8 whip "Snakebite" {venom, curare, rPois}
 11450 | Lair:1   | Reached skill level 5 in Dodging
 11823 | Lair:2   | Reached **** piety under Okawaru
 12237 | Lair:2   | Reached XP level 12. HP: 96/106 MP: 12/12
 12268 | Lair:2   | Found a hole to the Spider Nest.
 12428 | Lair:2   | Identified the +4 mace "Asoral" {venom, Int+5}
 12552 | Lair:2   | Reached skill level 14 in Long Blades
 12576 | Lair:2   | Reached ***** piety under Okawaru
 13252 | Lair:3   | Noticed a death yak
 13252 | Lair:3   | Noticed a death yak
 13252 | Lair:3   | Noticed a death yak
 13252 | Lair:3   | Noticed a death yak
 13257 | Lair:3   | Noticed a death yak
 13269 | Lair:2   | Killed a death yak
 13281 | Lair:2   | Killed a death yak
 13378 | Lair:2   | Killed a death yak
 13386 | Lair:2   | HP: 2/110 [death yak (13)]
 13387 | Lair:2   | Slain by a death yak

Illustrated notes

Levels and vault maps discovered:
D:1:      scummos_arrival_simple_fountains, layout_basic,
          shapermc_ecumenical_altar_pompeii
D:2:      layout_loops_ring, chequers_garden, minmay_pentomino_x2
D:3:      layout_loops_corners, uniq_robin, uniq_grinder
D:4:      layout_gridville, serial_shops, nicolae_shop_trees,
          corexii_corridor_pit, uniq_duvessa
D:5:      layout_basic, minmay_quadrilaterals
D:6:      layout_loops_ring, worldfamousw_hep_ancestral_shrine,
          minmay_temple_entry_wispy, uniq_eustachio, uniq_maggie
D:7:      layout_gridville, mainiacjoe_overflow_catwalk_spiral
D:8:      layout_rooms, elyvilon_altar_3, onia_ninara_dug_in_and_dangerous
D:9:      layout_roguey, mainiacjoe_overflow_paths,
          minmay_orc_entry_temple_small
D:10:     minmay_coctagon, layout_basic, gammafunk_temple_overflow_pools,
          dpeg_lair_monsters, serial_shops, shop, serial_park_tiny_pond,
          grunt_ministairs_2, uniq_sonja
Temple:   nicolae_temple_no_exploring_needed
Lair:1:   minmay_guarded_unrand_snakebite, layout_long_grid,
          chequers_serial_rivers_room_b
Lair:2:   layout_cave_pods, spider_nest_entry_web_field, grunt_megastairs_5
Lair:3:   layout_small_grid, nicolae_swamp_entry_splash_gauntlet

Skill      XL: |  1  2  3  4  5  6  7  8  9 10 11 12 |
---------------+-------------------------------------+-----
Armour         | 4 5 6 7 9 10 11 12 | 12.5
Shields        | 4 5 6 7 8 10 11 | 11.0
Fighting       | 4 5 6 7 8 10 11 | 11.5
Long Blades    | 3 4 5 7 9 10 12 13 14 | 14.6
Dodging        | 1 2 3 4 5 |  5.2
Stealth        | 1 2 3 |  3.6
Invocations    | 1 2 |  2.2
Evocations     | |  0.7

Action                     |  1- 3 |  4- 6 |  7- 9 | 10-12 || total
---------------------------+-------+-------+-------+-------++-------
  Melee: Long sword        |    61 |    86 |   303 |   164 ||   614
         Headbutt          |    10 |    13 |    62 |   159 ||   244
         Scimitar          |       |       |       |   409 ||   409
 Invoke: Heroism           |       |       |       |    13 ||    13
  Evoke: Wand              |       |       |     3 |       ||     3
    Use: Scroll            |     1 |     2 |     1 |     5 ||     9
         Potion            |     1 |       |     5 |     3 ||     9
   Stab: Sleeping          |       |       |     4 |     6 ||    10
         Invisible         |       |       |     2 |       ||     2
 Armour: Scale mail        |    26 |       |       |       ||    26
         Chain mail        |    19 |    35 |   126 |   238 ||   418
         Skin              |       |       |    20 |       ||    20
  Dodge: Dodged            |    30 |    29 |   163 |   244 ||   466
  Block: Buckler           |    21 |    22 |   118 |   213 ||   374
